 Dungeon Crawl Stone Soup version 0.31.0 (webtiles) character file.

Game seed: 6690111797224101025

224 qw the Shooter (level 6, -2/37 HPs)
             Began as a Gargoyle Hunter on Jan 19, 2024.
             Killed by divine providence
             ... invoked by an orc priest
              (10 damage)
             ... on level 4 of the Dungeon.
             The game lasted 00:00:12 (2568 turns).

qw the Shooter (Gargoyle Hunter)                    Turns: 2568, Time: 00:00:13

Health: -2/37      AC: 15    Str: 21    XL:     6   Next: 0%
Magic:  6/6        EV: 11    Int:  9    God:
Gold:   187        SH:  0    Dex: 15    Spells: 5/5 levels left

rFire   . . .        a - +0 shortbow
rCold   . . .        (shield currently unavailable)
rNeg    + . .        k - +0 ring mail
rPois   inf          j - +1 helmet
rElec   +            (no cloak)
rCorr   .            (no gloves)
SInv    .            (no boots)
Will    .....        (no amulet)
Stlth   +            i - +6 ring of strength
HPRegen 0.26/turn    b - +4 ring of protection
MPRegen 0.10/turn

%: no passive effects
@: about to teleport
A: sickness immunity, AC +4, negative energy resistance 1, electricity
resistance, torment resistance 1, petrification resistance
a: no special abilities


You were on level 4 of the Dungeon.
You visited 1 branch of the dungeon, and saw 4 of its levels.

You collected 187 gold pieces.


Innate Abilities, Weirdness & Mutations

You are immune to sickness and miasma.
Your stone body is resilient. (AC +4)
You are immune to poison.
You resist negative energy. (rN+)
You are resistant to electric shocks. (rElec)
You are resistant to unholy torment.
You are immune to petrification.


   Skills:
 + Level 3.1 Fighting
 - Level 6.3 Ranged Weapons
 - Level 2.0 Armour
 - Level 1.5 Dodging
 - Level 1.1 Stealth


You had 5 spell levels left.
You didn't know any spells.
Your spell library was empty.

Inventory:

Hand Weapons
 a - a +0 shortbow (weapon)
Armour
 j - a +1 helmet (worn)
 k - a +0 ring mail (worn)
Jewellery
 b - a +4 ring of protection (right hand)
 i - a +6 ring of strength (left hand)
Wands
 e - a wand of flame (10)

Dungeon Overview and Level Annotations

Branches:
Dungeon (4/15)
 Temple: D:4-7

Altars:


Message History

The scorpion stings you. The jackal bites you. The orc priest misses you.
You shoot an arrow.
The arrow hits the scorpion but does no damage.
The scorpion is almost dead.
The jackal barely misses you. The scorpion stings you.
The orc priest calls down the wrath of Beogh upon you.
Beogh smites you!
The scorpion stings you but does no damage.
The jackal bites you but does no damage.
2563 ||| READING 2 scrolls of teleportation.
As you read the scroll of teleportation, it crumbles to dust.
You feel strangely unstable. The jackal closely misses you.
The orc priest hits you but does no damage.
The scorpion stings you but does no damage.
You shoot an arrow. The arrow hits the scorpion.
You kill the scorpion!
The jackal barely misses you.
The orc priest hits you but does no damage.
The jackal barely misses you.
Your Ranged Weapons skill increases to level 6!
You have reached level 6!
You shoot an arrow.
The arrow hits the orc priest but does no damage.
The jackal misses you. The orc priest closely misses you.
The jackal bites you but does no damage.
The orc priest closely misses you.
You shoot an arrow. The arrow hits the orc priest!
The orc priest is severely wounded.
Your surroundings seem slightly different.
A dart slug comes into view.
The orc priest looks encouraged for a moment.
2567 ||| READING scroll of teleportation.
As you read the scroll of teleportation, it crumbles to dust.
You feel strangely unstable.
You shoot an arrow. The arrow hits the jackal!
You kill the jackal!
The orc priest calls down the wrath of Beogh upon you.
Beogh smites you!
You die...

....##..........#
....)#.....#....# . ...
..........##....##.
.... ...
#.........#...##.... .#
##..........#w.#.....
.#
#...###.##.##........
.###...#....#..#......#
......##...¤o%........#
.#....##......#.@...#
.##...#...##.###..#.#
.##....#.# .# #..#
.#.......# .# #...
....#...... #. .....
...####.... . ......
#..# .### .........
#.## # ......... ###


You could see an orc priest and a dart slug.

Vanquished Creatures
  A scorpion (D:4)
  A hound (D:3)
  Robin (D:3)
  4 adders
  A dart slug (D:3)
  6 orcs (D:3)
  6 ball pythons
  3 endoplasms
  A giant cockroach (D:1)
  11 goblins
  10 hobgoblins
  8 jackals
  4 bats
  2 frilled lizards (D:3)
  8 kobolds
  5 rats
72 creatures vanquished.

Notes
Turn   | Place    | Note
-------+----------+-------------------------------------------
     0 | D:1      | qw the Gargoyle Hunter began the quest for the Orb.
     0 | D:1      | Reached XP level 1. HP: 12/12 MP: 1/1
     0 | D:1      | 0 ||| qw: Version: 0.3-a-132-g3d54051
     0 | D:1      | 0 ||| qw: Game counter: 408
     0 | D:1      | 0 ||| qw: Melee chars always use a shield: true
     0 | D:1      | 0 ||| qw: God list: Okawaru
     0 | D:1      | 0 ||| qw: Allow faded altars: false
     0 | D:1      | 0 ||| qw: Do Orc after clearing Dungeon:15 true
     0 | D:1      | 0 ||| qw: Do second Lair branch before Depths: true
     0 | D:1      | 0 ||| qw: Lair rune preference: random
     0 | D:1      | 0 ||| qw: Goals: Normal
     0 | D:1      | 0 ||| PLANNING D:1-11
   172 | D:1      | Reached XP level 2. HP: 17/17 MP: 2/2
   338 | D:1      | Reached XP level 3. HP: 21/21 MP: 3/3
   405 | D:1      | You fall into a shaft and drop 1 floor!
   417 | D:2      | Reached skill level 5 in Ranged Weapons
   453 | D:2      | 453 ||| FLEEEEING.
   456 | D:2      | 456 ||| FLEEEEING.
   457 | D:2      | 457 ||| FLEEEEING.
   458 | D:2      | 458 ||| STAIRDANCE
   730 | D:1      | 730 ||| UPGRADING to +0 helmet.
   735 | D:1      | 735 ||| DROPPING ring of flight.
   736 | D:1      | 736 ||| UPGRADING to +6 ring of strength.
   737 | D:1      | 737 ||| READING 2 scrolls labelled DUFE XENNEG.
   738 | D:1      | 738 ||| READING 5 scrolls labelled ZOMIC GUPHOO.
   738 | D:1      | 738 ||| IDENTIFYING white potion
   739 | D:1      | 739 ||| READING 4 scrolls of identify.
   739 | D:1      | 739 ||| IDENTIFYING yellow potion
   740 | D:1      | 740 ||| READING 3 scrolls of identify.
   740 | D:1      | 740 ||| IDENTIFYING blue potion
   741 | D:1      | 741 ||| READING 2 scrolls of identify.
   741 | D:1      | 741 ||| IDENTIFYING scroll labelled SUAVAI ANNOQEFA
   742 | D:1      | 742 ||| READING scroll of identify.
   742 | D:1      | 742 ||| IDENTIFYING scroll labelled SUURGH LAGOESCH
   743 | D:1      | 743 ||| READING scroll of enchant armour.
   743 | D:1      | 743 ||| ENCHANTING +0 helmet.
   744 | D:1      | 744 ||| READING scroll labelled YJIKHL FAGIDEEN.
   745 | D:1      | 745 ||| DROPPING scroll of butterflies.
   746 | D:1      | 746 ||| DROPPING scroll of blinking.
   747 | D:1      | 747 ||| DROPPING potion of brilliance.
   748 | D:1      | 748 ||| DROPPING potion of invisibility.
   896 | D:2      | Reached skill level 3 in Fighting
  1018 | D:2      | Reached XP level 4. HP: 28/28 MP: 4/4
  1415 | D:2      | 1415 ||| DROPPING +1 helmet.
  1416 | D:2      | 1416 ||| UPGRADING to +4 ring of protection.
  1417 | D:2      | 1417 ||| READING scroll of identify.
  1417 | D:2      | 1417 ||| IDENTIFYING scroll labelled QAEDICERIDGH
  1418 | D:2      | 1418 ||| DROPPING scroll of poison.
  1732 | D:3      | Found a faded altar of an unknown god.
  1763 | D:3      | Noticed Robin
  1769 | D:3      | Killed Robin
  1945 | D:3      | Reached XP level 5. HP: 29/32 MP: 5/5
  2090 | D:3      | 2090 ||| UPGRADING to +0 ring mail.
  2100 | D:3      | 2100 ||| DROPPING +0 leather armour.
  2101 | D:3      | 2101 ||| READING scroll of identify.
  2101 | D:3      | 2101 ||| IDENTIFYING orange potion
  2102 | D:3      | 2102 ||| DROPPING potion of ambrosia.
  2115 | D:4      | 2115 ||| STAIRDANCE
  2181 | D:4      | 2181 ||| STAIRDANCE
  2191 | D:4      | 2191 ||| STAIRDANCE
  2209 | D:3      | 2209 ||| FLEEEEING.
  2273 | D:4      | 2273 ||| STAIRDANCE
  2280 | D:4      | 2280 ||| STAIRDANCE
  2296 | D:3      | 2296 ||| FLEEEEING.
  2368 | D:4      | 2368 ||| STAIRDANCE
  2370 | D:4      | 2370 ||| STAIRDANCE
  2372 | D:3      | 2372 ||| DRINKING 2 potions of curing.
  2372 | D:3      | 2372 ||| (to cure confusion)
  2376 | D:4      | 2376 ||| STAIRDANCE
  2378 | D:3      | 2378 ||| FLEEEEING.
  2389 | D:3      | 2389 ||| FLEEEEING.
  2400 | D:3      | 2400 ||| FLEEEEING.
  2406 | D:3      | 2406 ||| STAIRDANCE
  2473 | D:3      | 2473 ||| STAIRDANCE
  2475 | D:2      | 2475 ||| DRINKING potion of curing.
  2475 | D:2      | 2475 ||| (to cure confusion)
  2481 | D:3      | 2481 ||| STAIRDANCE
  2483 | D:2      | 2483 ||| FLEEEEING.
  2562 | D:4      | HP: 5/32 [orc priest/divine providence (12)]
  2563 | D:4      | 2563 ||| READING 2 scrolls of teleportation.
  2565 | D:4      | Reached skill level 6 in Ranged Weapons
  2565 | D:4      | Reached XP level 6. HP: 7/37 MP: 6/6
  2567 | D:4      | 2567 ||| READING scroll of teleportation.
  2568 | D:4      | Killed from afar by an orc priest

Levels and vault maps discovered:
D:1:      dpeg_arrival_tiny_c, layout_loops_cross,
          nicolae_twisty_statue_hallways
D:2:      layout_loops_ring
D:3:      layout_basic, ebering_ecumenical_altar_petrified, uniq_robin
D:4:      layout_cave_pools, minmay_temple_entry_junction_2, hex_tiny,
          corexii_leaking_fountain, minmay_tree_intersection

Skill      XL: |  1  2  3  4  5 |
---------------+----------------+-----
Ranged Weapons | 5 6 |  6.3
Fighting       | 3 |  3.1
Armour         | 2 |  2.0
Dodging        | |  1.5
Stealth        | |  1.1

Action                     |  1- 3 |  4- 6 || total
---------------------------+-------+-------++-------
   Fire: Shortbow          |   103 |   136 ||   239
    Use: Scroll            |     8 |     4 ||    12
         Potion            |       |     2 ||     2
 Armour: Leather armour    |    32 |    15 ||    47
         Ring mail         |       |    71 ||    71
  Dodge: Dodged            |    30 |    68 ||    98

Table legend:
 A = Non-vault XP
 B = Vault XP
 C = Vault XP percentage of total XP
 D = Non-vault monster count
 E = Vault monster count
 F = Vault count percentage of total count
                 A         B        C        D         E       F
            +---------+---------+-------+---------+---------+-------
      Total |     291 |      31 |   9.6 |      64 |       8 |  11.1
            +---------+---------+-------+---------+---------+-------
        D:1 |      39 |       0 |   0.0 |      23 |       0 |   0.0
        D:2 |      49 |       0 |   0.0 |      14 |       0 |   0.0
        D:3 |     108 |      31 |  22.3 |      20 |       8 |  28.6
        D:4 |      95 |       0 |   0.0 |       7 |       0 |   0.0
            +---------+---------+-------+---------+---------+-------
